 Dungeon Sprint DCSS version 0.31-a0-37-g98a128e1d9 (webtiles) character file.

Game seed: 467380997715841441

203 sircluck the Grappler (level 5, -7/58 HPs)
             Began as a Troll Berserker on May 15, 2023.
             Was a High Priest of Trog.
             Mangled by a flayed ghost (23 damage)
             ... in the Dungeon (Sprint VII: "The Pits").
             The game lasted 00:00:37 (261 turns).

sircluck the Grappler (Troll Berserker)              Turns: 261, Time: 00:00:37

Health: -7/58      AC:  4    Str: 27    XL:     5   Next: 51%
Magic:  4/4        EV: 11    Int:  3    God:    Trog [*****.]
Gold:   0          SH:  0    Dex:  9    Spells: 4/4 levels left

rFire   . .          .
                       - Unarmed
rCold   . . .        (no shield)
rNeg    . . .        a - +0 animal skin
rPois   .            (helmet restricted)
rElec   .            (no cloak)
rCorr   .            (gloves unavailable)
SInv    .            (boots unavailable)
Will    .....        (no amulet)
Stlth   +            (no ring)
HPRegen 1.09/turn    (no ring)
MPRegen 0.09/turn

%: no teleportation
@: no status effects
A: large, unfitting armour, claws 3, regeneration 1, shaggy fur 1, tough skin 1
a: Renounce Religion, Berserk, Trog's Hand, Brothers in Arms


You were in the Dungeon.
You worshipped Trog.
Trog was extremely pleased with you.
You visited 1 branch

Inventory:

Missiles
 j - 10 stones (quivered)
Armour
 a - a +0 animal skin (worn)
Scrolls
 g - a scroll of blinking
 i - a scroll of butterflies
Potions
 b - 6 potions of curing
 c - 6 potions of heal wounds
 d - a potion of haste
 e - 4 potions of magic
 f - 3 potions of berserk rage
 h - 2 potions of invisibility


   Skills:
 + Level 5.6 Fighting
 + Level 5.8 Dodging
 + Level 8.0 Unarmed Combat


You had 4 spell levels left.
You didn't know any spells.
Your spell library was empty.

Dungeon Overview and Level Annotations

Branches:
Dungeon (1/1)

Altars:
Cheibriados
Dithmenos
Elyvilon
Fedhas
Gozag
Hepliaklqana
Makhleb
Nemelex Xobeh
Okawaru
Qazlal
Ru
Sif Muna
Trog
Wu Jian
Xom
Yredelemnul
Zin
The Shining One
Jiyva


Innate Abilities, Weirdness & Mutations

You are too large for most types of armour.
You have claws for hands.
Your natural rate of healing is unusually fast.
You are covered in fur. (AC +1)
You have tough skin. (AC +1)


Message History

The crimson imp blinks!
A crimson imp is nearby!
A crimson imp is nearby!
A crimson imp is nearby!
A crimson imp is nearby!
A crimson imp is nearby!
A crimson imp is nearby!
You claw the crimson imp!
You kill the crimson imp!
Trog accepts your kill. Trog grants you a weapon!
Something appears at your feet!
You see here a +5 lajatang of flaming.
Your Unarmed Combat skill increases to level 8!
There is an open door here.
You open the door.
A flayed ghost comes into view.
A flayed ghost is nearby!
A flayed ghost is nearby!
A flayed ghost is nearby!
You barely miss the flayed ghost. The flayed ghost closely misses you.
A flayed ghost is nearby!
You mangle the flayed ghost!!
The flayed ghost is moderately damaged.
The flayed ghost hits you!
You barely miss the flayed ghost. Your claw misses the flayed ghost.
The flayed ghost is moderately damaged.
The flayed ghost hits you!
You claw the flayed ghost! You claw the flayed ghost!!
The flayed ghost is almost destroyed.
You completely miss the flayed ghost.
The flayed ghost is almost destroyed.
The flayed ghost hits you!
You barely miss the flayed ghost.
The flayed ghost is almost destroyed.
The flayed ghost hits you!
* * * LOW HITPOINT WARNING * * *
You miss the flayed ghost.
The flayed ghost is almost destroyed.
The flayed ghost hits you!!
You die...

#.#........##.......##..#
#†###########.......##..+
#)......# ##########..+
#..###..# #..+ #.......#
#..# ##.###.##+# #..#
#.......#.+ #..#
#..###..#W# #..#
#......)@.# #..#
########### ####


You could see a flayed ghost.

Vanquished Creatures
  A scorpion (D)
  2 crimson imps (D)
  Crazy Yiuf (D)
  2 gnolls (D)
  An adder (D)
  A bat skeleton (D)
  3 giant cockroaches (D)
  A goblin (D)
  8 jackals (D)
  A quokka (D)
  A rat (D)
22 creatures vanquished.

Notes
Turn   | Place    | Note
-------+----------+-------------------------------------------
     0 | D        | sircluck the Troll Berserker began the quest for the Orb.
     0 | D        | Reached XP level 1. HP: 22/22 MP: 0/0
    94 | D        | Found a bloodstained altar of Trog.
    94 | D        | Found a shimmering blue altar of Sif Muna.
    94 | D        | Found a viscous altar of Jiyva.
    94 | D        | Found a hazy altar of Hepliaklqana.
    94 | D        | Found an opulent altar of Gozag.
    95 | D        | Found a glowing golden altar of the Shining One.
    95 | D        | Found a glowing silver altar of Zin.
    95 | D        | Found a basalt altar of Yredelemnul.
    95 | D        | Found a shimmering altar of Xom.
    95 | D        | Found an ornate altar of the Wu Jian Council.
    95 | D        | Found a sacrificial altar of Ru.
    95 | D        | Found a stormy altar of Qazlal.
    95 | D        | Found an iron altar of Okawaru.
    95 | D        | Found a sparkling altar of Nemelex Xobeh.
    95 | D        | Found a burning altar of Makhleb.
    95 | D        | Found a blossoming altar of Fedhas.
    95 | D        | Found a white marble altar of Elyvilon.
    95 | D        | Found a shadowy altar of Dithmenos.
    95 | D        | Found a snail-covered altar of Cheibriados.
   105 | D        | Reached ** piety under Trog
   119 | D        | Reached skill level 4 in Unarmed Combat
   119 | D        | Reached XP level 2. HP: 26/31 MP: 1/1
   119 | D        | Reached *** piety under Trog
   133 | D        | Noticed Crazy Yiuf
   137 | D        | Reached XP level 3. HP: 37/39 MP: 2/2
   139 | D        | Killed Crazy Yiuf
   140 | D        | Reached skill level 5 in Unarmed Combat
   141 | D        | Reached **** piety under Trog
   143 | D        | Reached XP level 4. HP: 34/49 MP: 3/3
   201 | D        | Noticed a scorpion
   208 | D        | Reached skill level 6 in Unarmed Combat
   212 | D        | Killed a scorpion
   213 | D        | Reached skill level 5 in Fighting
   213 | D        | Reached skill level 5 in Dodging
   213 | D        | Reached skill level 7 in Unarmed Combat
   213 | D        | Reached XP level 5. HP: 42/57 MP: 4/4
   216 | D        | Reached ***** piety under Trog
   252 | D        | Received a gift from Trog
   253 | D        | Reached skill level 8 in Unarmed Combat
   254 | D        | Noticed a flayed ghost
   261 | D        | Mangled by a flayed ghost

Illustrated notes

Levels and vault maps discovered:
D:        pitsprint [storerooms_1, entrance_room_1, metal_vault_1, armoury_1,
          mini_pit_1, grid_room_1, main_hall_1, silver_pit, the_coven_1,
          the_vestibule_1, steel_vault_5, golden_pit, hallway_of_sentries,
          crystal_vault_2, iron_vault_4, final_vault]

Skill      XL: |  1  2  3  4  5 |
---------------+----------------+-----
Fighting       | 3 4 5 |  5.6
Dodging        | 3 4 5 |  5.8
Unarmed Combat | 4 5 7 8 |  8.0

Action                     |  1- 3 |  4- 6 || total
---------------------------+-------+-------++-------
  Melee: Unarmed           |    28 |    35 ||    63
         Punch             |     1 |     2 ||     3
 Armour: Animal skin       |    15 |     5 ||    20
  Dodge: Dodged            |    18 |    13 ||    31

Table legend: (Time is in decaauts)
 A = Elapsed time spent in this place.
 B = Non-inter-level travel time spent in this place.
 C = Inter-level travel time spent in this place.
 D = Time resting spent in this place.
 E = Time spent auto-exploring this place.
 F = Levels seen in this place.
 G = Mean time per level.
                   A        B        C        D        E       F      G
               +--------+--------+--------+--------+--------+-----+--------+
         Total |    254 |    254 |      0 |      0 |    108 |   1 |  254.0 |
       Dungeon |    254 |    254 |      0 |      0 |    108 |   1 |  254.0 |
               +--------+--------+--------+--------+--------+-----+--------+

Top non-repeatable levels by time:
       D: 254 daAuts
